 Dungeon Crawl Stone Soup version 0.21.1-1-g345015f (webtiles) character file.

19 vatarom the Conjurer (level 2, 0/22 HPs)
             Began as a Draconian Conjurer on Mar 23, 2018.
             Slain by Terence
             ... wielding a +0 trident
              (2 damage)
             ... on level 2 of the Dungeon.
             The game lasted 00:01:54 (969 turns).

vatarom the Conjurer (Draconian Conjurer)            Turns: 969, Time: 00:01:55

Health: 0/22       AC:  4    Str: 10    XL:     2   Next: 55%
Magic:  5/5        EV: 12    Int: 15    God:
Gold:   75         SH:  0    Dex: 11    Spells: 2/5 levels left

rFire    . . .     SeeInvis .   d - +0 short sword
rCold    . . .     Gourm    .   (no shield)
rNeg     . . .     Faith    +   (armour unavailable)
rPois    .         Spirit   .   (helmet restricted)
rElec    .         Reflect  .   (no cloak)
rCorr    .         Harm     .   (no gloves)
MR       .....                  (no boots)
Stlth    ++........             g - amulet of faith
HPRegen  0.07/turn              (no ring)
MPRegen  0.09/turn              (no ring)

@: no status effects
A: unfitting armour, cold-blooded, AC +4
a: no special abilities


You were on level 2 of the Dungeon.
You were not hungry.

You visited 1 branch of the dungeon, and saw 2 of its levels.

You collected 75 gold pieces.

Inventory:

Hand Weapons
 d - a +0 short sword (weapon)
Jewellery
 g - an amulet of faith (around neck)
Scrolls
 e - a scroll of enchant armour
Books
 a - a book of Conjurations

   Spells                             Type                      Level
   a - Magic Dart                     Conjuration                  1
   b - Searing Ray                    Conjuration                  2
   c - Dazzling Spray                 Conjuration/Hexes            3
   d - Fulminant Prism                Conjuration/Hexes            4
   e - Force Lance                    Conjuration/Translocation    4
   f - Iskenderun's Mystic Blast      Conjuration                  4
Comestibles
 b - 2 rations
 h - a chunk of flesh


   Skills:
 + Level 0.9 Fighting
 - Level 1.7 Dodging
 - Level 1.7 Stealth
 * Level 2.4 Spellcasting
 * Level 4.3 Conjurations


You had 2 spell levels left.
You knew the following spells:

 Your Spells              Type           Power        Failure   Level  Hunger
a - Magic Dart            Conj           ##..         3%          1    #......
b - Searing Ray           Conj           ##....       5%          2    ###....


Dungeon Overview and Level Annotations

Branches:
Dungeon (2/15)

Altars:

Annotations:
D:2 Terence


Innate Abilities, Weirdness & Mutations

Your plain brown scales are hard. (AC +4)
You cannot fit into any form of body armour.
You are cold-blooded and may be slowed by cold attacks.


Message History

You hit the jackal but do no damage.
You tail-slap the jackal, but do no damage.
The jackal is almost dead.
The jackal bites you but does no damage.
The jackal barely misses you.
The jackal bites you but does no damage. x3
The jackal misses you. The jackal bites you. Terence barely misses you.
Terence hits you but does no damage.
An adder comes into view.
As you read the scroll labeled DIHILO SADAROI, it crumbles to dust.
You feel aware of your surroundings.
It was a scroll of magic mapping.
The jackal bites you but does no damage.
Terence hits you with a trident!
* * * LOW HITPOINT WARNING * * *
As you read the scroll labeled ZUD ASONAEKHLEA, it crumbles to dust.
It is a scroll of identify.
e - a scroll of enchant armour The jackal misses you.
Terence hits you with a trident.
You die...

****,,,,,**#..#.# #..# *,*
****,,,,,***#.#.####.#######*,# *
*,,,,,**,,,*#...#..........#...
***,***>**,#.###......<..........
**,,* *,**,#.....................
**,** *,<*,#####h%...............
,,,* **,,,,,,,#h#.###)..........
****** ***,***,#h#...............
,,,,,*****.###,#@##..............
*,**,,,,*,.....#@#...............
*,,,***,,.......S.........[......
***,*****.@.....)(†..........#.,,
*,,****#..#..#(##.....######*,*
****,,,,,.....##.#.....(.# *,*
,,,,,,,***..##*..#.......# *,*
******,,,#..* #.##.......# *,* *
***,..,* #.*##.....## *,*


You could see Terence, an adder and 3 jackals.

Vanquished Creatures
  A worm (D:2)
  3 giant cockroaches
  3 goblins
  2 bats (D:1)
  4 kobolds
  5 rats
18 creatures vanquished.

Notes
Turn   | Place    | Note
-------+----------+-------------------------------------------
     0 | D:1      | vatarom the Draconian Conjurer began the quest for the Orb.
     0 | D:1      | Reached XP level 1. HP: 14/14 MP: 3/3
   509 | D:1      | Reached XP level 2. HP: 17/22 MP: 5/5
   513 | D:1      | Learned a level 2 spell: Searing Ray
   810 | D:2      | Noticed Terence
   969 | D:2      | Slain by Terence

Action                   || total
-------------------------++-------
Melee: Short sword       ||    50
       Unarmed           ||    12
       Tailslap          ||     4
 Cast: Magic Dart        ||     1
       Searing Ray       ||     1
  Use: Potion            ||     1
       Scroll            ||     3
 Stab: Sleeping          ||     3
Armor: Skin              ||    26
Dodge: Dodged            ||    45
